 Dungeon Crawl Stone Soup version 0.20.1-1-g8b1a95d (webtiles) character file.

34 PiranhaGAMER the Grave Robber (level 3, -2/24 HPs)
             Began as a Demonspawn Necromancer on Aug 11, 2017.
             Slain by a goblin
             ... wielding a +0 club
             ... led by Robin
              (4 damage)
             ... on level 2 of the Dungeon.
             The game lasted 00:13:49 (1666 turns).

PiranhaGAMER the Grave Robber (DsNe)                Turns: 1666, Time: 00:13:52

Health: -2/24      AC:  5    Str:  8    XL:     3   Next: 14%
Magic:  1/6        EV: 10    Int: 17    God:
Gold:   61         SH:  0    Dex: 15    Spells: 4/6 levels left

rFire    . . .     SeeInvis .   d - +0 club
rCold    . . .     Gourm    .   (no shield)
rNeg     . . .     Faith    .   j - +0 ring mail
rPois    +         Spirit   .   (no helmet)
rElec    .         Reflect  .   (no cloak)
rCorr    .         Harm     .   (no gloves)
MR       .....                  (no boots)
Stlth    ++........             (no amulet)
Regen    0.1/turn               i - ring of poison resistance
MPRegen  0.1/turn               (no ring)

@: no status effects
A: thin skeletal structure 1
a: no special abilities


You were on level 2 of the Dungeon.
You were hungry.

You visited 1 branch of the dungeon, and saw 2 of its levels.

You collected 61 gold pieces.

Inventory:

Hand Weapons
 d - a +0 club (weapon)
Missiles
 g - 13 poisoned needles
Armour
 a - a +0 robe
 j - a +0 ring mail (worn)
Jewellery
 i - a ring of poison resistance (left hand)
Scrolls
 e - a scroll of identify
 f - a scroll of fog
 h - a scroll of noise {unknown}
Books
 b - a book of Necromancy

   Spells                             Type                      Level
   a - Pain                           Necromancy                   1
   b - Animate Skeleton               Necromancy                   1
   c - Vampiric Draining              Necromancy                   3
   d - Regeneration                   Charms/Necromancy            3
   e - Animate Dead                   Necromancy                   4
   f - Control Undead                 Necromancy                   4
Comestibles
 c - a bread ration


   Skills:
 + Level 1.9 Dodging
 - Level 1.7 Stealth
 + Level 2.3 Spellcasting
 + Level 5.2 Necromancy


You had 4 spell levels left.
You knew the following spells:

 Your Spells              Type           Power        Failure   Level  Hunger
a - Pain                  Necr           ###.         7%          1    #......
b - Animate Skeleton      Necr           N/A          7%          1    #......


Dungeon Overview and Level Annotations

Branches:
Dungeon (2/15)

Altars:

Annotations:
D:2 Robin


Innate Abilities, Weirdness & Mutations

You have a somewhat thin skeletal structure. (Dex +2, Stealth)


Message History

The goblin barely misses you.
Robin roars a battlecry!
The goblin closely misses you.
You miss the goblin.
The goblin hits you but does no damage. x3
You closely miss the goblin.
The goblin hits you but does no damage. x2
You miss the goblin. The goblin hits you with a club. x2
* * * LOW HITPOINT WARNING * * *
A hobgoblin comes into view. It is wielding a club.
You barely miss the goblin.
The hobgoblin no longer looks unusually strong.
The goblin hits you but does no damage. The goblin hits you with a club.
* * * LOW HITPOINT WARNING * * *
A hobgoblin comes into view. It is wielding a club.
The hobgoblin shouts!
You hit the goblin.
The goblin is heavily wounded.
The goblin hits you with a club.
* * * LOW HITPOINT WARNING * * *
The goblin hits you with a club.
You die...

### ... ###.# #<..
###.# ### #@g.# ...
#g#.###.# #g#.....#
#g###<###
#############g###)#
g#..........#.g.##.#
g...)..g.gg........#
.##########.#g.g####
#.##.##


You could see Robin, 3 hobgoblins and 4 goblins.

Vanquished Creatures
  A dart slug (D:1)
  2 leopard geckos (D:1)
  3 bats (D:1)
  5 giant cockroaches
  7 goblins
  4 hobgoblins
  A frilled lizard (D:1)
  3 kobolds (D:1)
  A rat (D:1)
27 creatures vanquished.

Notes
Turn   | Place    | Note
-------+----------+-------------------------------------------
     0 | D:1      | PiranhaGAMER the Demonspawn Necromancer began the quest for the Orb.
     0 | D:1      | Reached XP level 1. HP: 13/13 MP: 3/3
   318 | D:1      | Gained mutation: You have a somewhat thin skeletal structure. (Dex +2, Stealth) [demonic ancestry]
   318 | D:1      | Reached XP level 2. HP: 17/19 MP: 0/5
   380 | D:1      | Learned a level 1 spell: Animate Skeleton
  1176 | D:1      | Reached skill level 5 in Necromancy
  1631 | D:2      | Reached XP level 3. HP: 24/24 MP: 4/6
  1640 | D:2      | Noticed Robin
  1666 | D:2      | Slain by a goblin

Skill      XL: |  1  2 |
---------------+-------+-----
Necromancy     | 5 |  5.2
Dodging        | |  1.9
Stealth        | |  1.7
Spellcasting   | |  2.3

Action                   || total
-------------------------++-------
Melee: Unarmed           ||     7
       Club              ||    14
 Cast: Pain              ||    46
       Animate Skeleton  ||     1
  Use: Scroll            ||     1
  Eat: Chunk             ||     2
Armor: Ring mail         ||    15
       Robe              ||     1
Dodge: Dodged            ||    31
